 Dungeon Crawl Stone Soup version 0.30-a0-1016-gfb0d676c02 (webtiles) character file.

Game seed: 5319193325532113688

696 Newt the Skirmisher (level 7, -2/44 HPs)
             Began as a Kobold Hunter on Apr 6, 2023.
             Killed by divine providence
             ... invoked by an orc priest
              (16 damage)
             ... on level 5 of the Dungeon.
             The game lasted 00:04:55 (4399 turns).

Newt the Skirmisher (Kobold Hunter)                 Turns: 4399, Time: 00:04:56

Health: -2/44      AC:  7    Str:  9    XL:     7   Next: 97%
Magic:  6/10       EV: 14    Int: 16    God:
Gold:   229        SH:  0    Dex: 20    Spells: 8/10 levels left

rFire   . . .      SeeInvis .    a - +2 shortbow
rCold   . . .      Faith    .    (shield currently unavailable)
rNeg    . . .      Spirit   .    c - +0 leather armour
rPois   .          Reflect  .    (no helmet)
rElec   .          Rampage  .    b - +1 cloak
rCorr   .                        h - +1 pair of gloves
Will    .....                    (no boots)
Stlth   ++                       (no amulet)
HPRegen 0.27/turn                e - +6 ring of intelligence
MPRegen 0.12/turn                (no ring)

@: confused, wereblooded, very slightly contaminated
A: small, no large weapons, nightstalker 3
a: no special abilities


You were on level 5 of the Dungeon.
You visited 1 branch of the dungeon, and saw 5 of its levels.
You also visited: Sewer.

You collected 229 gold pieces.

Inventory:

Hand Weapons
 a - a +2 shortbow (weapon)
Armour
 b - a +1 cloak (worn)
 c - a +0 leather armour (worn)
 h - a +1 pair of gloves (worn)
 n - a +0 cloak
Jewellery
 e - a +6 ring of intelligence (left hand)
Scrolls
 f - 2 scrolls of silence
 p - a scroll of fear
Potions
 d - 3 potions of curing
 g - a potion of might
 i - 2 potions of resistance
 j - a potion of flight {unknown}
 l - a potion of cancellation
 m - a potion of attraction
 o - a potion of mutation {unknown}


   Skills:
 - Level 5.0 Fighting
 + Level 9.6 Ranged Weapons
 - Level 2.4 Dodging
 - Level 1.3 Stealth
 - Level 2.1 Spellcasting
 - Level 2.1 Transmutations


You had 8 spell levels left.
You knew the following spells:

 Your Spells              Type           Power      Damage    Failure   Level
a - Wereblood             Tmut           8%         N/A       19%         2

Your spell library contained the following spells:

 Spells                   Type           Power      Damage    Failure   Level
 Beastly Appendage        Tmut           16%        N/A       12%         1
 Summon Small Mammal      Summ           4%         N/A       28%         1
 Spider Form              Tmut/Pois      5%         N/A       50%         3
 Call Canine Familiar     Summ           1%         N/A       65%         3
 Hailstorm                Conj/Ice       1%         3d3       65%         3
 Summon Guardian Golem    Hex/Summ       1%         N/A       65%         3
 Vhi's Electric Charge    Tloc/Air       2%         N/A       65%         3
 Volatile Blastmotes      Fire/Tloc      2%         2d10      65%         3
 Ice Form                 Ice/Tmut       5%         N/A       88%         4
 Fulminant Prism          Conj/Hex       0%         3d5       96%         4
 Iskenderun's Mystic Bla  Conj/Tloc      1%         2d3       96%         4
 Arcjolt                  Conj/Air       0%         1d10      100%        5
 Lee's Rapid Deconstruct  Erth           0%         3d4*      100%        5
 Simulacrum               Ice/Necr       0%         N/A       100%        6
 Maxwell's Capacitive Co  Air            0%         ∞         100%        8


Dungeon Overview and Level Annotations

Branches:
Dungeon (5/15)              Sewer (visited)
 Temple: D:4-7

Altars:
Cheibriados
Ru
Sif Muna


Innate Abilities, Weirdness & Mutations

You are small and have problems with some larger weapons.
You are completely attuned to the shadows.


Message History

The orc wizard barely misses you.
Fire: a) +2 shortbow
Press: ? - help, Shift-Dir - straight line, f/p - orc wizard
Aim: an orc wizard, wielding a +0 dagger and wearing a +0 robe (64% to hit)
You shoot an arrow. The arrow hits the orc wizard!
The orc wizard is severely wounded.
The orc wizard closely misses you.
Unknown command.
Fire: a) +2 shortbow
Press: ? - help, Shift-Dir - straight line, f/p - orc wizard
Aim: an orc wizard, wielding a +0 dagger and wearing a +0 robe (severely wounded, 64% to hit)
You shoot an arrow.
The arrow closely misses the orc wizard.
The arrow barely misses the orc warrior.
The arrow hits the orc priest but does no damage.
The orc wizard hits you but does no damage.
Fire: a) +2 shortbow
Press: ? - help, Shift-Dir - straight line, f/p - orc wizard
Aim: an orc wizard, wielding a +0 dagger and wearing a +0 robe (severely wounded, 64% to hit)
You shoot an arrow. The arrow barely misses the orc wizard.
The arrow hits the orc warrior.
The orc warrior is lightly wounded.
The orc wizard gestures at you while chanting.
You resist with some effort.
You aren't carrying any items that you can evoke.
Fire: a) +2 shortbow
Press: ? - help, Shift-Dir - straight line, f/p - orc wizard
Aim: an orc wizard, wielding a +0 dagger and wearing a +0 robe (severely wounded, 64% to hit)
You shoot an arrow. The arrow misses the orc wizard.
The arrow barely misses the orc warrior.
The arrow hits the orc priest but does no damage.
The orc wizard points at you and mumbles some strange words.
You are confused.
Unknown command.
Unknown command.
Unknown command.
You're too confused to move!
The orc priest invokes the aid of Beogh against you.
Beogh smites you!
You die...

........#..(.....# #.#.#.##
........#........####.......
........#........##.....####
.................##.#####
.............######.#
#####........# #.##### #
#........# #....... #
#........######o...... #
....@ooo...... #
..#####....... # .. #.......
####... #....... ##.....
#....... ##....# #.......
......# #....... ##....#
......#


You could see an orc warrior, an orc priest, an orc wizard and an orc.

Vanquished Creatures
  Pargi (Sewer)
  A black bear (D:4)
  An ogre (D:4)
  A centaur (D:4)
  Crazy Yiuf (D:3)
  Jessica (D:3)
  2 iguanas (D:4)
  An orc wizard (D:4)
  Robin (D:3)
  3 gnolls (D:4)
  5 adders
  4 dart slugs
  10 orcs
  8 ball pythons
  10 bats
  6 endoplasms
  3 giant cockroaches
  20 goblins
  11 hobgoblins
  3 jackals (D:1)
  9 quokkas
  A frilled lizard (D:3)
  7 kobolds
  8 rats
118 creatures vanquished.

Notes
Turn   | Place    | Note
-------+----------+-------------------------------------------
     0 | D:1      | Newt the Kobold Hunter began the quest for the Orb.
     0 | D:1      | Reached XP level 1. HP: 12/12 MP: 1/1
    81 | D:1      | Reached XP level 2. HP: 14/18 MP: 2/2
   145 | D:1      | Found a faded altar of an unknown god.
   384 | D:1      | Reached XP level 3. HP: 23/23 MP: 3/3
   932 | D:2      | Learned a level 2 spell: Wereblood
  1414 | D:2      | Found a snail-covered altar of Cheibriados.
  2059 | D:3      | Reached XP level 4. HP: 30/30 MP: 4/4
  2155 | D:3      | Reached skill level 5 in Fighting
  2239 | D:3      | Found a glowing drain.
  2253 | Sewer    | Entered a sewer
  2273 | Sewer    | Noticed Pargi
  2296 | Sewer    | Killed Pargi
  2297 | Sewer    | Reached XP level 5. HP: 29/35 MP: 4/8
  2297 | Sewer    | Reached XP level 6. HP: 33/40 MP: 4/9
  2659 | D:3      | Found a sacrificial altar of Ru.
  2788 | D:3      | Noticed Robin
  2796 | D:3      | Killed Robin
  2797 | D:3      | Reached skill level 6 in Ranged Weapons
  2917 | D:3      | Found a snail-covered altar of Cheibriados.
  3104 | D:3      | Noticed Jessica
  3106 | D:3      | Killed Jessica
  3118 | D:3      | Found a runed translucent door.
  3121 | D:3      | Noticed Crazy Yiuf
  3126 | D:3      | Killed Crazy Yiuf
  3406 | D:4      | Noticed an ogre
  3410 | D:4      | Killed an ogre
  3411 | D:4      | Reached skill level 7 in Ranged Weapons
  3411 | D:4      | Reached XP level 7. HP: 44/44 MP: 10/10
  3512 | D:4      | Reached skill level 8 in Ranged Weapons
  3570 | D:4      | Reached skill level 9 in Ranged Weapons
  3930 | D:4      | Found a shimmering blue altar of Sif Muna.
  4033 | D:4      | Identified the +7 quarterstaff of the Beginning {freeze,
                  | Drain rElec rPois Int+2}
  4276 | D:5      | Entered Level 5 of the Dungeon
  4399 | D:5      | Killed from afar by an orc priest

Illustrated notes

Levels and vault maps discovered:
D:1:      dpeg_arrival_rooms_b, layout_loops_ring, basic_ecumenical_altar
D:2:      layout_loops_corners, basic_altar, nicolae_hexahallways
D:3:      minmay_recursive_quarters, layout_rooms,
          mainiacjoe_overflow_surrounded_room, nicolae_ru_awakened_eye,
          portal_sewer_entry_f, uniq_robin, uniq_crazy_yiuf_cottage,
          uniq_jessica
D:4:      layout_cave_pools, led_sif_pool
D:5:      layout_basic, nicolae_qazlal_eye_of_the_storm

Skill      XL: |  1  2  3  4  5  6  7 |
---------------+----------------------+-----
Fighting       | 3 4 5 |  5.0
Spellcasting   | 2 |  2.1
Transmutations | 2 |  2.1
Ranged Weapons | 7 9 |  9.6
Dodging        | |  2.4
Stealth        | |  1.3

Action                     |  1- 3 |  4- 6 |  7- 9 || total
---------------------------+-------+-------+-------++-------
   Fire: Shortbow          |    70 |   127 |    73 ||   270
   Cast: Wereblood         |       |     2 |     4 ||     6
    Use: Scroll            |     7 |     2 |     5 ||    14
         Potion            |     2 |     3 |     1 ||     6
 Armour: Leather armour    |     4 |    37 |    22 ||    63
         Skin              |       |    53 |       ||    53
  Dodge: Dodged            |    15 |    80 |    52 ||   147

Table legend: (Time is in decaauts)
 A = Elapsed time spent in this place.
 B = Non-inter-level travel time spent in this place.
 C = Inter-level travel time spent in this place.
 D = Time resting spent in this place.
 E = Time spent auto-exploring this place.
 F = Levels seen in this place.
 G = Mean time per level.
                   A        B        C        D        E       F      G
               +--------+--------+--------+--------+--------+-----+--------+
         Total |   4470 |   4209 |    261 |    468 |   3044 |   6 |  745.0 |
       Dungeon |   4207 |   3946 |    261 |    394 |   2925 |   5 |  841.4 |
         Sewer |    263 |    263 |      0 |     74 |    119 |   1 |  263.0 |
               +--------+--------+--------+--------+--------+-----+--------+

Top non-repeatable levels by time:
     D:2: 1251 daAuts
     D:3: 1137 daAuts
     D:4: 914 daAuts
     D:1: 781 daAuts
   Sewer: 263 daAuts
     D:5: 123 daAuts
